 Dungeon Crawl Stone Soup version 0.24-a0-170-gd8427f5388 (webtiles) character file.

Game seed: 3653599028845758422

52 MrRokkomies the Skirmisher (level 3, -1/39 HPs)
             Began as an Ogre Skald on Mar 8, 2019.
             Slain by an orc wizard
             ... wielding a +0 dagger
              (4 damage)
             ... on level 2 of the Dungeon.
             The game lasted 00:04:36 (1000 turns).

MrRokkomies the Skirmisher (Ogre Skald)             Turns: 1000, Time: 00:04:38

Health: -1/39      AC:  4    Str: 15    XL:     3   Next: 85%
Magic:  3/6        EV: 10    Int: 15    God:
Gold:   11         SH:  0    Dex:  8    Spells: 3/6 levels left

rFire    . . .     SeeInvis .   a - +0 mace
rCold    . . .     Gourm    .   (no shield)
rNeg     . . .     Faith    .   b - +1 robe
rPois    .         Spirit   .   (helmet restricted)
rElec    .         Reflect  .   (no cloak)
rCorr    .         Harm     .   (gloves unavailable)
MR       .....                  (boots unavailable)
Stlth    +.........             (no amulet)
HPRegen  0.13/turn              (no ring)
MPRegen  0.10/turn              (no ring)

@: infused, flying, very slightly contaminated, hasted, very quick
A: large, unfitting armour, tough skin 1
a: no special abilities


You were on level 2 of the Dungeon.
You were not hungry.

You visited 1 branch of the dungeon, and saw 2 of its levels.

You collected 11 gold pieces.

Inventory:

Hand Weapons
 a - a +0 mace (weapon)
Missiles
 h - 26 stones (quivered)
Armour
 b - a +1 robe (worn)
Wands
 m - a wand of disintegration (13)
Scrolls
 g - a scroll of blinking
Potions
 c - a potion of curing
Comestibles
 d - 2 rations


   Skills:
 * Level 4.0 Fighting
 * Level 2.6 Maces & Flails
 - Level 2.1 Dodging
 - Level 2.4 Spellcasting
 + Level 3.1 Charms


You had 3 spell levels left.
You knew the following spells:

 Your Spells              Type           Power        Failure   Level  Hunger
a - Infusion              Chrm           ##..         6%          1    #......
b - Shroud of Golubria    Chrm/Tloc      #.........   17%         2    ###....

Your spell library contained the following spells:

 Spells                   Type           Power        Failure   Level  Hunger
 Song of Slaying          Chrm           ##......     9%          2    ###....
 Regeneration             Chrm/Necr      #.........   34%         3    ###....
 Spectral Weapon          Hex/Chrm       #.......     34%         3    ###....


Dungeon Overview and Level Annotations

Branches:
Dungeon (2/15)

Altars:

Annotations:
D:2 Sigmund


Innate Abilities, Weirdness & Mutations

You are too large for most types of armour.
You have tough skin. (AC +1)


Message History

The orc throws a tomahawk.
The tomahawk closely misses you.
You closely miss the orc. The orc hits you with a +0 whip.
Your shroud falls apart!
The orc throws a tomahawk.
The tomahawk hits you but does no damage.
You closely miss the orc. The orc hits you with a +0 whip.
* * * LOW HITPOINT WARNING * * *
You closely miss the orc. The orc hits you with a +0 whip!
* * * LOW HITPOINT WARNING * * *
You hit the orc wizard.
The orc wizard is moderately wounded.
The orc wizard gestures at you while chanting.
The puff of flame misses you.
Casting: Shroud of Golubria (safe; 17% risk of failure)
Confirm with . or Enter, or press ? or * to list all spells.
You begin infusing your attacks with magical energy.
The orc hits you with a +0 whip.
* * * LOW HITPOINT WARNING * * *
The orc wizard hits you with a +0 dagger.
You die...

...........
##..........
#..%........
#.%........#
#....(.....#
#....).....#
#..........#
##.ooo..(.#
##@.....##
########


You could see an orc wizard and 2 orcs.

Vanquished Creatures
  A worm (D:2)
  4 dart slugs
  2 leopard geckos (D:1)
  An orc (D:2)
  2 giant cockroaches (D:1)
  A goblin (D:1)
  5 hobgoblins
  4 jackals (D:1)
  4 kobolds
  A quokka (D:2)
  3 bats (D:1)
  2 frilled lizards
  6 rats
36 creatures vanquished.

Vanquished Creatures (others)
  A goblin (D:2)
  A rat (D:2)
2 creatures vanquished.

Grand Total: 38 creatures vanquished

Notes
Turn   | Place    | Note
-------+----------+-------------------------------------------
     0 | D:1      | MrRokkomies the Ogre Skald began the quest for the Orb.
     0 | D:1      | Reached XP level 1. HP: 22/22 MP: 3/3
   133 | D:1      | Reached skill level 3 in Fighting
   135 | D:1      | Reached XP level 2. HP: 31/31 MP: 5/5
   139 | D:1      | Learned a level 2 spell: Shroud of Golubria
   414 | D:1      | Reached XP level 3. HP: 29/37 MP: 6/6
   892 | D:2      | Noticed Sigmund
   943 | D:2      | Reached skill level 4 in Fighting
  1000 | D:2      | Slain by an orc wizard

Levels and vault maps discovered:
D:1:      dpeg_arrival_rooms_c, layout_loops_cross
D:2:      layout_rooms, lightli_corner_chamber, uniq_crazy_yiuf_cottage,
          uniq_sigmund

Skill      XL: |  1  2  3 |
---------------+----------+-----
Fighting       | 3 4 |  4.0
Maces & Flails | 2 |  2.6
Charms         | 3 |  3.1
Dodging        | |  2.1
Spellcasting   | |  2.4

Action                   || total
-------------------------++-------
Melee: Mace              ||   131
 Cast: Shroud of Golubri ||     6
       Infusion          ||     1
Evoke: Wand              ||     1
  Use: Scroll            ||     7
       Potion            ||     4
 Stab: Invisible         ||     2
       Sleeping          ||     1
  Eat: Chunk             ||     1
Armor: Robe              ||    45
Dodge: Dodged            ||    97

Table legend:
 A = Non-vault XP
 B = Vault XP
 C = Vault XP percentage of total XP
 D = Non-vault monster count
 E = Vault monster count
 F = Vault count percentage of total count
                 A         B        C        D         E       F
            +---------+---------+-------+---------+---------+-------
      Total |      75 |       0 |   0.0 |      36 |       0 |   0.0
            +---------+---------+-------+---------+---------+-------
        D:1 |      54 |       0 |   0.0 |      27 |       0 |   0.0
        D:2 |      21 |       0 |   0.0 |       9 |       0 |   0.0
            +---------+---------+-------+---------+---------+-------
